 Dungeon Crawl Stone Soup version 0.32-a0-128-g77eb882913 (webtiles) character file.

Game seed: 14591201866562648590

173 Dittersdorf the Shield-Bearer (level 5, 0/34 HPs)
             Began as a Gargoyle Fighter on Feb 7, 2024.
             Incinerated by a bombardier beetle (4 damage)
             ... with a burning spray
             ... on level 3 of the Dungeon.
             The game lasted 00:03:40 (1629 turns).

Dittersdorf the Shield-Bearer (Gargoyle Fighter)    Turns: 1629, Time: 00:03:40

Health: 0/34       AC: 13    Str: 22    XL:     5   Next: 53%
Magic:  5/5        EV:  8    Int:  8    God:
Gold:   82         SH:  4    Dex:  9    Spells: 4/4 levels left

rFire   . . .        a - +0 flail
rCold   . . .        c - +0 buckler
rNeg    + . .        i - +0 chain mail
rPois   ∞            (no helmet)
rElec   +            (no cloak)
rCorr   .            (no gloves)
SInv    .            (no boots)
Will    .....        (no amulet) Stlth
                     (no ring)
HPRegen 0.25/turn    (no ring)
MPRegen 0.09/turn

%: no passive effects
@: on fire, glowing
A: sickness immunity, AC +4, negative energy resistance 1, electricity
resistance, torment resistance 1, petrification resistance
a: no special abilities


You were on level 3 of the Dungeon.
You visited 1 branch of the dungeon, and saw 3 of its levels.

You collected 82 gold pieces.

Inventory:

Hand Weapons
 a - a +0 flail (weapon)
Armour
 c - a +0 buckler (worn)
 i - a +0 chain mail (worn)
Scrolls
 b - a scroll of identify {unknown}
 e - a scroll of blinking {unknown}
Potions
 d - a potion of might
 f - a potion of attraction {unknown}
 g - 2 potions of curing {unknown}
 h - 2 potions of degeneration {unknown}


   Skills:
 + Level 4.3 Fighting
 + Level 3.3 Maces & Flails
 + Level 4.3 Armour
 + Level 4.3 Shields


You had 4 spell levels left.
You didn't know any spells.
Your spell library contained the following spells:

 Spells                   Type           Power      Damage    Failure   Level
 Ensorcelled Hibernation  Hex/Ice        0%         N/A       99%         2
 Passwall                 Erth           0%         N/A       100%        3
 Swiftness                Air            0%         N/A       100%        3


Dungeon Overview and Level Annotations

Branches:
Dungeon (3/15)

Altars:


Innate Abilities, Weirdness & Mutations

You are immune to sickness and miasma.
Your stone body is resilient. (AC +4)
You are immune to poison.
You resist negative energy. (rN+)
You are resistant to electric shocks. (rElec)
You are resistant to unholy torment.
You are immune to petrification.


Message History

No target in view!
No target in view!
No target in view!
No target in view!
No target in view!
No target in view!
No target in view!
No target in view!
No target in view!
No target in view!
Found a ring mail.
You see here an adder corpse.
A bombardier beetle comes into view.
Found a coppery potion.
The bombardier beetle bites you but does no damage.
You thump the bombardier beetle!
The bombardier beetle is severely wounded.
The bombardier beetle sprays incendiary fluid at you.
The burning spray hits you.
You are covered in liquid fire!
You hit the bombardier beetle but do no damage.
The bombardier beetle is severely wounded.
The liquid fire burns you!
You barely miss the bombardier beetle.
The bombardier beetle is severely wounded.
The liquid fire burns you! The bombardier beetle bites you.
You hit the bombardier beetle.
You kill the bombardier beetle!
The liquid fire burns you!
You shake off some of the fire as you move.
The liquid fire burns you!
* * * LOW HITPOINT WARNING * * *
You shake off some of the fire as you move.
The liquid fire burns you!
* * * LOW HITPOINT WARNING * * *
You see here a coppery potion.
h - 2 coppery potions (gained 1)
The liquid fire burns you!
You die...

.##.##.## [
#.#...###
#.#.......#
#.......#.#
###.......######
#.#†.........#
#.#.########.######
#............#....#
####.####†...#@##
#†####.##.#..#
#.##......#..#
#.##.#.......#
#.##.#.#.....# #...
#.#...#.#
########.#.#.#.#
#.......<#.....#
#.######.###.###


There were no monsters in sight!

Vanquished Creatures
  A bombardier beetle (D:3)
  Jessica (D:2)
  5 adders
  A dart slug (D:1)
  4 orcs
  2 endoplasms (D:2)
  4 giant cockroaches (D:1)
  4 goblins (D:1)
  8 hobgoblins
  7 jackals
  A quokka (D:2)
  5 ball pythons
  8 bats
  A frilled lizard (D:1)
  5 kobolds
  8 rats
65 creatures vanquished.

Notes
Turn   | Place    | Note
-------+----------+-------------------------------------------
     0 | D:1      | Dittersdorf the Gargoyle Fighter began the quest for the
                  | Orb.
     0 | D:1      | Reached XP level 1. HP: 14/14 MP: 1/1
   141 | D:1      | Reached XP level 2. HP: 17/19 MP: 2/2
   455 | D:1      | Reached XP level 3. HP: 23/23 MP: 3/3
   705 | D:1      | Found a faded altar of an unknown god.
   983 | D:2      | Reached XP level 4. HP: 29/29 MP: 4/4
  1494 | D:3      | Noticed Jessica
  1509 | D:2      | Killed Jessica
  1523 | D:3      | Reached XP level 5. HP: 13/33 MP: 5/5
  1629 | D:3      | Incinerated by a bombardier beetle

Illustrated notes

Levels and vault maps discovered:
D:1:      dpeg_arrival_morbid_curiosity, layout_rooms,
          hellmonk_ecumenical_altar_zigzags, minmay_misc_feat_x,
          minmay_misc_feat_alley
D:2:      layout_basic
D:3:      layout_basic, tso_oasis_becter, old_standard_altar,
          gup_sewer_entry_bubbles, uniq_jessica

Skill      XL: |  1  2  3  4 |
---------------+-------------+-----
Fighting       | 4 |  4.3
Armour         | 4 |  4.3
Maces & Flails | 3 |  3.3
Shields        | 4 |  4.3

Action                     |  1- 3 |  4- 6 || total
---------------------------+-------+-------++-------
  Melee: Flail             |   153 |    73 ||   226
 Armour: Scale mail        |   113 |       ||   113
         Chain mail        |       |    61 ||    61
  Dodge: Dodged            |    80 |    30 ||   110
  Block: Buckler           |    45 |    23 ||    68

Table legend: (Time is in decaauts)
 A = Elapsed time spent in this place.
 B = Non-inter-level travel time spent in this place.
 C = Inter-level travel time spent in this place.
 D = Time resting spent in this place.
 E = Time spent auto-exploring this place.
 F = Levels seen in this place.
 G = Mean time per level.
                   A        B        C        D        E       F      G
               +--------+--------+--------+--------+--------+-----+--------+
         Total |   1698 |   1563 |    135 |     26 |    952 |   3 |  566.0 |
       Dungeon |   1698 |   1563 |    135 |     26 |    952 |   3 |  566.0 |
               +--------+--------+--------+--------+--------+-----+--------+

Top non-repeatable levels by time:
     D:1: 941 daAuts
     D:2: 630 daAuts
     D:3: 126 daAuts
